ORI
MISSISSIPPI STATE UNIVERSITY BULLDOGS @ UNIVERSITY OF ALABAMA CRIMSON TIDE
10/21/2047
 
TOP OF THE 1ST
Mississippi State University Bulldogs batting - Pitching for University of Alabama Crimson Tide : RHP Javier Rubles
Pitching: RHP Javier Rubles
Batting: RHB Eric Riley 0-0: Called Strike
0-1: Ground out 6-3 (Groundball, P, EV 86.9 MPH)
Batting: LHB Ricardo Ramos 0-0: Ball
1-0: Ball
2-0: Ball
3-0: Called Strike
3-1: Base on Balls
Batting: RHB Josh Stene 0-0: 2-RUN HOME RUN (Line Drive, 78XD, EV 103.1 MPH), Distance : 408 ft
Batting: LHB Danny Shanahan 0-0: Called Strike
0-1: Called Strike
0-2: Foul Ball, location: 2F
0-2: Ball
1-2: Ball
2-2: Ground out 6-3 (Groundball, 6, EV 100.6 MPH)
Batting: RHB Masahito Sunada 0-0: Foul Ball, location: 2F
0-1: Foul Ball, location: 2F
0-2: Strikes out looking
Top of the 1st over - 2 runs, 1 hit, 0 errors, 0 left on base; Mississippi State University 2 - University of Alabama 0
BOTTOM OF THE 1ST
University of Alabama Crimson Tide batting - Pitching for Mississippi State University Bulldogs : LHP Josh Doyle
Pitching: LHP Josh Doyle
Batting: RHB Danny Rosario 0-0: Ball
1-0: Ball
2-0: Fly out, F9 (Flyball, 9D, EV 102.5 MPH)
Batting: LHB Yu-shu Ni 0-0: Foul Ball, location: 2F
0-1: Foul Ball, location: 2F
0-2: Ball
1-2: Foul Ball, location: 2F
1-2: Fly out, F8 (Flyball, 89S, EV 97.5 MPH)
Batting: LHB Danny Schultz 0-0: Ground out 4-3 (Groundball, 4, EV 106.9 MPH)
Bottom of the 1st over - 0 runs, 0 hits, 0 errors, 0 left on base; Mississippi State University 2 - University of Alabama 0
TOP OF THE 2ND
Mississippi State University Bulldogs batting - Pitching for University of Alabama Crimson Tide : RHP Javier Rubles
Batting: RHB Logan Strassburg 0-0: Ground out 6-3 (Groundball, 6M, EV 110.6 MPH)
Batting: RHB Karl Lukasiewicz 0-0: Called Strike
0-1: Ball
1-1: Ball
2-1: Swinging Strike
2-2: DOUBLE (Groundball, 5L, EV 103.1 MPH)
Batting: LHB Vinnie Kalman 0-0: Ground out 4-3 (Groundball, 4, EV 106.9 MPH)
Karl Lukasiewicz to third
Batting: RHB Bill Petipas 0-0: Ball
1-0: Called Strike
1-1: Foul Ball, location: 2F
1-2: Ball
2-2: Ball
Wild Pitch!
Karl Lukasiewicz scores
3-2: Strikes out swinging
Top of the 2nd over - 1 run, 1 hit, 0 errors, 0 left on base; Mississippi State University 3 - University of Alabama 0
BOTTOM OF THE 2ND
University of Alabama Crimson Tide batting - Pitching for Mississippi State University Bulldogs : LHP Josh Doyle
Batting: RHB Juan Araiza 0-0: Ball
1-0: Foul Ball, location: 2F
1-1: Ball
2-1: Reached via error on a dropped throw from 1B, E1 (Groundball, 34S, EV 93.1 MPH)
Batting: RHB Hughie Withers 0-0: Ball
1-0: Called Strike
1-1: Fly out, F4 (Popup, 4, EV 55.6 MPH)
Batting: LHB Platon Protopsaltis 0-0: Called Strike
0-1: Called Strike
0-2: Foul Ball, location: 2F
0-2: Strikes out looking
Batting: RHB Jong-your Lee 0-0: Called Strike
0-1: Ball
1-1: Swinging Strike
1-2: Foul Ball, location: 2F
1-2: Foul Ball, location: 2F
1-2: Foul Ball, location: 2F
1-2: Strikes out looking
Bottom of the 2nd over - 0 runs, 0 hits, 1 error, 1 left on base; Mississippi State University 3 - University of Alabama 0
TOP OF THE 3RD
Mississippi State University Bulldogs batting - Pitching for University of Alabama Crimson Tide : RHP Javier Rubles
Batting: RHB Eric Riley 0-0: Swinging Strike
0-1: Foul Ball, location: 2F
0-2: Ball
1-2: Ball
2-2: SINGLE (Flyball, 5D, EV 93.8 MPH)
Batting: LHB Ricardo Ramos 0-0: Fly out, F9 (Flyball, 9S, EV 83.8 MPH)
Batting: RHB Josh Stene 0-0: Called Strike
0-1: Ball
1-1: Ball
2-1: Ball
3-1: Base on Balls
Eric Riley to second
Batting: LHB Danny Shanahan 0-0: Swinging Strike
0-1: Ball
1-1: Ball
2-1: Ball
3-1: Grounds into double play, 6-4-3 (Groundball, 6, EV 91.2 MPH)
Top of the 3rd over - 0 runs, 1 hit, 0 errors, 1 left on base; Mississippi State University 3 - University of Alabama 0
BOTTOM OF THE 3RD
University of Alabama Crimson Tide batting - Pitching for Mississippi State University Bulldogs : LHP Josh Doyle
Batting: RHB Eric Kilmer 0-0: Foul Ball, location: 2F
0-1: Called Strike
0-2: Strikes out swinging
Batting: LHB Joe Blackwood 0-0: Swinging Strike
0-1: Ball
1-1: Ball
2-1: Called Strike
2-2: DOUBLE (Line Drive, 9LS, EV 95.0 MPH)
Batting: RHB Danny Rosario 0-0: Swinging Strike
0-1: Called Strike
0-2: Strikes out swinging
Batting: LHB Yu-shu Ni 0-0: Called Strike
0-1: Foul Ball, location: 2F
0-2: Ball
1-2: Ball
2-2: Ball
3-2: Base on Balls
Batting: LHB Danny Schultz 0-0: Foul Ball, location: 2F
0-1: Ball
1-1: Ball
2-1: TRIPLE (Flyball, 89XD, EV 107.5 MPH)
Joe Blackwood scores
Yu-shu Ni scores
Batting: RHB Juan Araiza 0-0: Ball
1-0: Ball
2-0: Ball
3-0: Base on Balls
Batting: RHB Hughie Withers 0-0: Foul Ball, location: 2F
0-1: Ball
1-1: Swinging Strike
1-2: Ball
2-2: Strikes out swinging
Bottom of the 3rd over - 2 runs, 2 hits, 0 errors, 2 left on base; Mississippi State University 3 - University of Alabama 2
TOP OF THE 4TH
Mississippi State University Bulldogs batting - Pitching for University of Alabama Crimson Tide : RHP Javier Rubles
Batting: RHB Masahito Sunada 0-0: Ball
1-0: Ground out 4-3 (Groundball, 4, EV 101.2 MPH)
Batting: RHB Logan Strassburg 0-0: Called Strike
0-1: Ball
1-1: Swinging Strike
1-2: Ball
2-2: Ball
3-2: Base on Balls
Batting: RHB Karl Lukasiewicz 0-0: Called Strike
0-1: Ball
1-1: Fielders Choice at 2nd, 6-4 (Groundball, 6M, EV 108.8 MPH)
Batting: LHB Vinnie Kalman 0-0: Swinging Strike
0-1: Foul Ball, location: 2F
0-2: Ball
1-2: Strikes out swinging
Top of the 4th over - 0 runs, 0 hits, 0 errors, 1 left on base; Mississippi State University 3 - University of Alabama 2
BOTTOM OF THE 4TH
University of Alabama Crimson Tide batting - Pitching for Mississippi State University Bulldogs : LHP Josh Doyle
Batting: LHB Platon Protopsaltis 0-0: Fly out, F8 (Flyball, 89D, EV 100.6 MPH)
Batting: RHB Jong-your Lee 0-0: Swinging Strike
0-1: Ball
1-1: Foul Ball, location: 2F
1-2: Ball
2-2: Strikes out swinging
Batting: RHB Eric Kilmer 0-0: Called Strike
0-1: Called Strike
0-2: Ball
1-2: Strikes out looking
Bottom of the 4th over - 0 runs, 0 hits, 0 errors, 0 left on base; Mississippi State University 3 - University of Alabama 2
TOP OF THE 5TH
Mississippi State University Bulldogs batting - Pitching for University of Alabama Crimson Tide : RHP Javier Rubles
Batting: RHB Bill Petipas 0-0: Ball
1-0: Fly out, F8 (Flyball, 8LM, EV 93.8 MPH)
Batting: RHB Eric Riley 0-0: Called Strike
0-1: Ball
1-1: Ball
2-1: DOUBLE (Line Drive, 5D, EV 98.8 MPH)
Batting: LHB Ricardo Ramos 0-0: Ball
1-0: Foul Ball, location: 2F
1-1: Ball
2-1: Ball
3-1: Called Strike
3-2: Strikes out swinging
Pitching: RHP Matt Mason
Batting: RHB Josh Stene 0-0: Fly out, F8 (Flyball, 8LD, EV 104.4 MPH)
Top of the 5th over - 0 runs, 1 hit, 0 errors, 1 left on base; Mississippi State University 3 - University of Alabama 2
BOTTOM OF THE 5TH
University of Alabama Crimson Tide batting - Pitching for Mississippi State University Bulldogs : LHP Josh Doyle
Batting: LHB Joe Blackwood 0-0: Ball
1-0: Fly out, F7 (Flyball, 7D, EV 91.2 MPH)
Batting: RHB Danny Rosario 0-0: Ball
1-0: Called Strike
1-1: Ball
2-1: Ball
3-1: TRIPLE (Flyball, 9D, EV 96.2 MPH)
Pitching: RHP Erik Bradshaw
Batting: LHB Yu-shu Ni 0-0: Fly out, F8 (Flyball, 89M, EV 85.0 MPH)
Runner from 3rd tags up, SCORES, throw by CF
Batting: LHB Danny Schultz 0-0: Swinging Strike
0-1: Foul Ball, location: 2F
0-2: Ball
1-2: Ball
2-2: Ball
3-2: DOUBLE (Line Drive, 89M, EV 95.0 MPH)
Batting: RHB Juan Araiza 0-0: Foul Ball, location: 2F
0-1: Swinging Strike
0-2: Ball
1-2: Foul Ball, location: 2F
1-2: Ground out 6-3 (Groundball, 6, EV 107.5 MPH)
Bottom of the 5th over - 1 run, 2 hits, 0 errors, 1 left on base; Mississippi State University 3 - University of Alabama 3
TOP OF THE 6TH
Mississippi State University Bulldogs batting - Pitching for University of Alabama Crimson Tide : RHP Matt Mason
Batting: LHB Danny Shanahan 0-0: Ball
1-0: Ball
2-0: SINGLE (Line Drive, 56D, EV 102.5 MPH)
Batting: RHB Masahito Sunada 0-0: Called Strike
0-1: SINGLE (Groundball, 56, EV 95.0 MPH)
Danny Shanahan to second
Batting: RHB Logan Strassburg 0-0: Ball
1-0: Ball
2-0: Swinging Strike
2-1: Ball
3-1: Swinging Strike
3-2: Foul Ball, location: 2F
3-2: Foul Ball, location: 2F
3-2: Strikes out swinging
Batting: RHB Karl Lukasiewicz 0-0: Ball
Danny Shanahan steals 3rd base
1-0: Foul Ball, location: 2F
1-1: Swinging Strike
1-2: Hit by Pitch
Masahito Sunada to second
Batting: LHB Vinnie Kalman 0-0: Called Strike
0-1: SINGLE (Line Drive, 34, EV 98.8 MPH)
Danny Shanahan scores
Masahito Sunada to third
Karl Lukasiewicz to second
Batting: RHB Bill Petipas 0-0: Swinging Strike
0-1: Called Strike
0-2: Fly out, F7 (Flyball, 78M, EV 94.4 MPH)
Runner from 3rd tags up, SCORES, throw by LF
Batting: RHB Eric Riley 0-0: Called Strike
0-1: Called Strike
0-2: Ball
1-2: Foul Ball, location: 2F
1-2: Ball
2-2: Foul Ball, location: 2F
2-2: Fly out, F8 (Flyball, 8RD, EV 81.9 MPH)
Top of the 6th over - 2 runs, 3 hits, 0 errors, 2 left on base; Mississippi State University 5 - University of Alabama 3
BOTTOM OF THE 6TH
University of Alabama Crimson Tide batting - Pitching for Mississippi State University Bulldogs : RHP Erik Bradshaw
Batting: RHB Hughie Withers 0-0: Called Strike
0-1: SINGLE (Groundball, 6MD, EV 110.0 MPH)
Batting: LHB Platon Protopsaltis 0-0: Grounds into double play, 6-4-3 (Groundball, 6M, EV 90.6 MPH)
Batting: RHB Jong-your Lee 0-0: Called Strike
0-1: Ball
1-1: Ball
2-1: Called Strike
2-2: Strikes out swinging
Bottom of the 6th over - 0 runs, 1 hit, 0 errors, 0 left on base; Mississippi State University 5 - University of Alabama 3
TOP OF THE 7TH
Mississippi State University Bulldogs batting - Pitching for University of Alabama Crimson Tide : RHP Matt Mason
Pitching: LHP Juan Cardenas
Batting: LHB Ricardo Ramos 0-0: Ball
1-0: Ball
2-0: Called Strike
2-1: Foul Ball, location: 2F
2-2: Strikes out looking
Batting: RHB Josh Stene 0-0: Ball
1-0: Ball
2-0: Foul Ball, location: 2F
2-1: Ground out 3-1 (Groundball, 34S, EV 86.2 MPH)
Batting: LHB Danny Shanahan 0-0: Ball
1-0: Ball
2-0: Ball
3-0: Base on Balls
Batting: RHB Masahito Sunada 0-0: Called Strike
0-1: Ball
1-1: Foul Ball, location: 2F
1-2: Foul Ball, location: 2F
1-2: Ground out 4-3 (Groundball, 34, EV 85.0 MPH)
Top of the 7th over - 0 runs, 0 hits, 0 errors, 1 left on base; Mississippi State University 5 - University of Alabama 3
BOTTOM OF THE 7TH
University of Alabama Crimson Tide batting - Pitching for Mississippi State University Bulldogs : RHP Erik Bradshaw
Pitching: RHP Randy Richardson
Batting: RHB Eric Kilmer 0-0: Called Strike
0-1: Ball
1-1: Ball
2-1: Foul Ball, location: 2F
2-2: Strikes out swinging
Batting: LHB Joe Blackwood 0-0: Ball
1-0: Swinging Strike
1-1: Ball
2-1: Foul Ball, location: 2F
2-2: Foul Ball, location: 2F
2-2: Ball
3-2: Strikes out looking
Batting: RHB Danny Rosario 0-0: Ball
1-0: Called Strike
1-1: Called Strike
1-2: Strikes out swinging
Bottom of the 7th over - 0 runs, 0 hits, 0 errors, 0 left on base; Mississippi State University 5 - University of Alabama 3
TOP OF THE 8TH
Mississippi State University Bulldogs batting - Pitching for University of Alabama Crimson Tide : LHP Juan Cardenas
Batting: RHB Logan Strassburg 0-0: Ball
1-0: Called Strike
1-1: Swinging Strike
1-2: Foul Ball, location: 2F
1-2: Strikes out looking
Batting: RHB Karl Lukasiewicz 0-0: Called Strike
0-1: Foul Ball, location: 2F
0-2: Ball
1-2: Ground out 1-3 (Groundball, 13, EV 66.9 MPH)
Batting: LHB Vinnie Kalman 0-0: Called Strike
0-1: Called Strike
0-2: Ball
1-2: Strikes out swinging
Top of the 8th over - 0 runs, 0 hits, 0 errors, 0 left on base; Mississippi State University 5 - University of Alabama 3
BOTTOM OF THE 8TH
University of Alabama Crimson Tide batting - Pitching for Mississippi State University Bulldogs : RHP Randy Richardson
Batting: LHB Yu-shu Ni 0-0: Foul Ball, location: 2F
0-1: Ball
1-1: Ball
2-1: Foul Ball, location: 2F
2-2: Strikes out looking
Batting: LHB Danny Schultz 0-0: SINGLE (Groundball, 4MS, EV 66.9 MPH) (infield hit)
Batting: RHB Juan Araiza 0-0: SINGLE (Flyball, 8RS, EV 91.2 MPH)
Danny Schultz to second
Batting: RHB Hughie Withers 0-0: Ball
1-0: Called Strike
1-1: Called Strike
1-2: Strikes out swinging
Batting: LHB Platon Protopsaltis 0-0: Swinging Strike
0-1: Foul Ball, location: 2F
0-2: Ball
1-2: Foul Ball, location: 2F
1-2: Ball
2-2: Strikes out swinging
Bottom of the 8th over - 0 runs, 2 hits, 0 errors, 2 left on base; Mississippi State University 5 - University of Alabama 3
TOP OF THE 9TH
Mississippi State University Bulldogs batting - Pitching for University of Alabama Crimson Tide : LHP Juan Cardenas
Pitching: RHP Victor Carillo
Batting: RHB Bill Petipas 0-0: Foul Ball, location: 2F
0-1: Ground out 4-3 (Groundball, 4, EV 93.1 MPH)
Batting: RHB Eric Riley 0-0: Called Strike
0-1: Ball
1-1: Called Strike
1-2: Foul Ball, location: 2F
1-2: Ball
2-2: Ball
3-2: Foul Ball, location: 2F
3-2: Ground out 5-3 (Groundball, 56, EV 76.2 MPH)
Batting: LHB Ricardo Ramos 0-0: Ball
1-0: Ball
2-0: Foul Ball, location: 2F
2-1: Foul Ball, location: 2F
2-2: Foul Ball, location: 2F
2-2: Strikes out looking
Top of the 9th over - 0 runs, 0 hits, 0 errors, 0 left on base; Mississippi State University 5 - University of Alabama 3
BOTTOM OF THE 9TH
University of Alabama Crimson Tide batting - Pitching for Mississippi State University Bulldogs : RHP Randy Richardson
Pitching: RHP Chris Pearson
Batting: RHB Jong-your Lee 0-0: Foul Ball, location: 2F
0-1: Called Strike
0-2: Ball
1-2: Ball
2-2: Strikes out swinging
Batting: RHB Eric Kilmer 0-0: Ball
1-0: Swinging Strike
1-1: Foul Ball, location: 2F
1-2: Strikes out looking
Batting: LHB Joe Blackwood 0-0: Ball
1-0: Ball
2-0: Called Strike
2-1: Ball
3-1: Base on Balls
Batting: RHB Danny Rosario 0-0: Ball
Wild Pitch!
Joe Blackwood to second
1-0: Ball
2-0: SINGLE (Groundball, P, EV 85.0 MPH) (infield hit)
Joe Blackwood to third
Batting: LHB Yu-shu Ni 0-0: Ball
1-0: Ground out U3 (Groundball, 3, EV 104.4 MPH)
Bottom of the 9th over - 0 runs, 1 hit, 0 errors, 2 left on base; Mississippi State University 5 - University of Alabama 3
Thursday, December 15th , 2022 - OOTP Baseball 23.9 Build 102